 Dungeon Crawl Stone Soup version 0.22-a0-406-g9ff8d77 (webtiles) character file.

21 KristoblXynda the Magician (level 2, -4/24 HPs)
             Began as a Troll Wizard on May 8, 2018.
             Killed from afar by an orc wizard (6 damage)
             ... with a magic dart
             ... on level 2 of the Dungeon.
             The game lasted 00:03:01 (658 turns).

KristoblXynda the Magician (Troll Wizard)            Turns: 658, Time: 00:03:02

Health: -4/24      AC:  5    Str: 14    XL:     2   Next: 65%
Magic:  4/4        EV:  9    Int: 14    God:
Gold:   55         SH:  0    Dex:  8    Spells: 4/5 levels left

rFire    . . .     SeeInvis .     - Unarmed
rCold    . . .     Gourm    +   (no shield)
rNeg     . . .     Faith    .   a - +0 robe
rPois    .         Spirit   .   b - +0 hat
rElec    .         Reflect  .   (no cloak)
rCorr    .         Harm     .   (gloves unavailable)
MR       .....                  (boots unavailable)
Stlth    +.........             (no amulet)
HPRegen  0.48/turn              (no ring)
MPRegen  0.09/turn              (no ring)

@: no status effects
A: large, unfitting armour, claws 3, fast metabolism 3, gourmand, regeneration
1, shaggy fur 1, tough skin 2
a: no special abilities


You were on level 2 of the Dungeon.
You were very full.

You visited 1 branch of the dungeon, and saw 2 of its levels.

You collected 55 gold pieces.

Inventory:

Armour
 a - a +0 robe (worn)
 b - a +0 hat (worn)
Scrolls
 c - a scroll of noise {unknown}
 e - a scroll of remove curse {unknown}
 f - a scroll of fog {unknown}
 h - a scroll of enchant weapon {unknown}
 j - a scroll of teleportation {unknown}
 l - a scroll of identify {unknown}
 m - a scroll of magic mapping {unknown}
Potions
 g - a potion of curing {unknown}
 i - 2 potions of brilliance {unknown}
 k - a potion of heal wounds {unknown}
Comestibles
 d - 5 rations


   Skills:
 - Level 1.5 Dodging
 - Level 1.0 Stealth
 * Level 1.5 Unarmed Combat
 - Level 2.0 Spellcasting
 * Level 1.4 Conjurations
   Level 0.6 Summonings
   Level 0.6 Translocations


You had 4 spell levels left.
You knew the following spells:

 Your Spells              Type           Power        Failure   Level  Hunger
a - Magic Dart            Conj           #...         13%         1    ##.....


Dungeon Overview and Level Annotations

Branches:
Dungeon (2/15)

Altars:


Innate Abilities, Weirdness & Mutations

You are too large for most types of armour.
You have claws for hands.
Your metabolism is lightning-fast.
You like to eat raw meat.
Your natural rate of healing is unusually fast.
You are covered in fur. (AC +1)
You have very tough skin. (AC +2)


Message History

The orc wizard casts a cantrip, but nothing happens.
The orc hits you but does no damage. The orc closely misses you.
The orc hits you but does no damage.
You miss the orc wizard.
The orc wizard is heavily wounded.
The orc hits you but does no damage. x2; The orc wizard hits you with a dagger.
The orc barely misses you. The orc hits you with a hand axe.
* * * LOW HITPOINT WARNING * * *
You are too injured to fight recklessly!
The orc hits you from afar with a trident.
* * * LOW HITPOINT WARNING * * *
The orc wizard hits you with a dagger.
* * * LOW HITPOINT WARNING * * *
The orc wizard closely misses you.
You see here a stone.
The kobold throws a stone.
The stone hits you but does no damage.
You see here a stone.
The orc wizard casts a spell at you. The magic dart hits you!
You die...

#.#####.## #.#
#........#####.###
#..?....w##.......
.........##.##.#.# #
#........##.##.#.# .#
#.......K##.##.#.# ..
.......(.oo......##.#
#......ooo(.##.<....#
#.###+#####@##.#.####
#.........#
##.#####.#.#### #
#...............
#.#.....##.#.#####
#.......##.#.#
.................#
.####.#..##.##.###
###..##.##.#


You could see an orc wizard, 4 orcs and a kobold.

Vanquished Creatures
  A leopard gecko (D:1)
  2 goblins (D:1)
  4 jackals
  2 bats (D:1)
  4 frilled lizards (D:1)
  4 kobolds (D:1)
  6 rats (D:1)
23 creatures vanquished.

Notes
Turn   | Place    | Note
-------+----------+-------------------------------------------
     0 | D:1      | KristoblXynda the Troll Wizard began the quest for the Orb.
     0 | D:1      | Reached XP level 1. HP: 16/16 MP: 2/2
    73 | D:1      | Reached skill level 1 in Conjurations
   103 | D:1      | Reached skill level 1 in Unarmed Combat
   105 | D:1      | Reached XP level 2. HP: 22/24 MP: 4/4
   655 | D:2      | HP: 1/24 [orc wizard/dagger (2)]
   658 | D:2      | Killed from afar by an orc wizard

Vault maps used:
D:1:      zelgadis_glass_arrival_small
D:2:      lemuel_upstairs_altar, serial_undead, serial_undead_e,
          serial_undead_b, serial_undead_b, serial_undead_a,
          kennysheep_slug_shrine

Skill      XL: |  1 |
---------------+----+-----
Conjurations   | 1 |  1.4
Unarmed Combat | 1 |  1.5
Dodging        | |  1.5
Stealth        | |  1.0
Spellcasting   | |  2.0
Summonings     | |  0.6
Translocations | |  0.6

Action                   || total
-------------------------++-------
Melee: Unarmed           ||    70
 Stab: Sleeping          ||     1
  Eat: Chunk             ||    10
Armor: Robe              ||    28
Dodge: Dodged            ||    45

Table legend:
 A = Spawn XP
 B = Non-spawn XP
 C = Spawn XP percentage of total XP
 D = Spawn monster count
 E = Non-spawn monster count
 F = Spawn count percentage of total count
 G = Total turns spent on level
                    A         B        C        D         E        F      G
               +---------+---------+-------+---------+---------+-------+---------
         Total |       0 |      31 |   0.0 |       0 |      23 |   0.0 |   658
               +---------+---------+-------+---------+---------+-------+---------
           D:1 |       0 |      27 |   0.0 |       0 |      21 |   0.0 |   509
           D:2 |       0 |       4 |   0.0 |       0 |       2 |   0.0 |   149
               +---------+---------+-------+---------+---------+-------+---------
